 Dungeon Crawl Stone Soup version 0.28-a0-697-g47f3eba078 (webtiles) character file.

Game seed: 11222711050186844209

6174 MacCMillion the Grappler (level 10, -1/147 HPs)
             Began as a Troll Monk on Oct 23, 2021.
             Was a Priest of Kikubaaqudgha.
             Slain by a ten-headed hydra (14 damage)
             ... on level 1 of the Lair of Beasts.
             The game lasted 00:25:33 (7099 turns).

MacCMillion the Grappler (Troll Monk)               Turns: 7099, Time: 00:25:34

Health: -1/147     AC:  8    Str: 27    XL:     10   Next: 60%
Magic:  18/18      EV: 12    Int: 12    God:    Kikubaaqudgha [***...]
Gold:   441        SH:  0    Dex: 16    Spells: 3/9 levels left

rFire   . . .      SeeInvis .     - Unarmed
rCold   . . .      Faith    .   (no shield)
rNeg    . . .      Spirit   .   a - +1 robe
rPois   .          Reflect  .   (helmet restricted)
rElec   .          Harm     .   C - +2 cloak
rCorr   .          Rampage  .   (gloves unavailable)
Will    .....                   (boots unavailable)
Stlth   ..........              x - amulet of the acrobat
HPRegen 1.34/turn               p - ring "Xolaseb" {MP+9 Int+3 Dex+4}
MPRegen 0.16/turn               y - +6 ring of strength

@: berserking, very quick
A: large, unfitting armour, claws 3, regeneration 1, shaggy fur 1, tough skin 1
a: Renounce Religion, Receive Corpses


You were on level 1 of the Lair of Beasts.
You worshipped Kikubaaqudgha.
Kikubaaqudgha was most pleased with you.
You visited 3 branches of the dungeon, and saw 10 of its levels.
You also visited: Sewer and Ossuary.

You collected 441 gold pieces.

Inventory:

Armour
 a - a +1 robe (worn)
 C - a +2 cloak (worn)
Jewellery
 p - the ring "Xolaseb" (left claw) {MP+9 Int+3 Dex+4}
   (You acquired it on level 4 of the Dungeon)

   [ring of magical power]

   Int:       It affects your intelligence (+3).
   Dex:       It affects your dexterity (+4).
   MP:        It affects your magic capacity (+9).
 x - an amulet of the acrobat (around neck)
 y - a +6 ring of strength (right claw)
 z - an amulet of magic regeneration
 A - a +4 ring of evasion
 F - a ring of willpower
 L - a +6 ring of strength
Wands
 q - a wand of acid (8)
 B - a wand of mindburst (18)
 I - a wand of flame (32)
Scrolls
 b - 2 scrolls of fog
 d - 2 scrolls of noise {unknown}
 f - a scroll of torment
 h - a scroll of immolation
 j - a scroll of fear
 n - 2 scrolls of enchant armour
 w - a scroll of vulnerability {unknown}
 D - a scroll of enchant weapon {unknown}
 E - a scroll of holy word {unknown}
 H - 3 scrolls of teleportation
 J - a scroll of blinking
 K - a scroll of amnesia
Potions
 c - 6 potions of haste
 e - 2 potions of flight
 g - 5 potions of heal wounds
 i - 2 potions of brilliance
 k - 3 potions of attraction
 l - a potion of invisibility
 m - a potion of resistance
 o - a potion of berserk rage
 r - a potion of cancellation {unknown}
 s - 4 potions of magic
 t - 2 potions of lignification {unknown}
 u - 2 potions of degeneration {unknown}
 v - a potion of curing
 G - a potion of ambrosia {unknown}
 M - a potion of mutation {unknown}


   Skills:
 + Level 6.2 Fighting
 - Level 5.2 Dodging
 - Level 1.0 Stealth
 * Level 11.8 Unarmed Combat
 + Level 0.2 Spellcasting
 + Level 5.8 Necromancy


You had 3 spell levels left.
You knew the following spells:

 Your Spells              Type           Power      Damage    Failure   Level
a - Animate Skeleton      Necr           28%        N/A       3%          1
b - Vampiric Draining     Necr           7%         2d7       9%          3
c - Sublimation of Blood  Necr           7%         N/A       4%          2

Your spell library contained the following spells:

 Spells                   Type           Power      Damage    Failure   Level
 Pain                     Necr           56%        1d6       3%          1
 Corpse Rot               Necr/Air       14%        N/A       14%         2
 Magic Dart               Conj           0%         1d3       32%         1
 Call Imp                 Summ           0%         N/A       45%         2
 Ensorcelled Hibernation  Hex/Ice        0%         N/A       45%         2
 Poisonous Vapours        Pois/Air       0%         N/A       45%         2
 Ignite Poison            Fire/Tmut/Pois 0%         N/A       69%         3
 Mephitic Cloud           Conj/Pois/Air  0%         N/A       69%         3
 Spider Form              Tmut/Pois      0%         N/A       69%         3
 Dispel Undead            Necr           14%        3d10      28%         4
 Excruciating Wounds      Necr           7%         N/A       63%         5
 Borgnjor's Vile Clutch   Necr/Erth      3%         N/A       95%         5
 Death Channel            Necr           7%         N/A       99%         6
 Freezing Cloud           Conj/Ice/Air   0%         6-21      100%        5
 Simulacrum               Ice/Necr       3%         N/A       100%        6
 Malign Gateway           Summ/Tloc      0%         N/A       100%        7
 Summon Horrible Things   Summ           0%         N/A       100%        8


Dungeon Overview and Level Annotations

Branches:
Dungeon (8/15)             Temple (1/1) D:6            Lair (1/6) D:8
  Sewer (visited)         Ossuary (visited)

Altars:
Ashenzari
Dithmenos
Elyvilon
Gozag
Hepliaklqana
Kikubaaqudgha
Makhleb
Nemelex Xobeh
Okawaru
Qazlal
Ru
Sif Muna
Trog
Uskayaw
Vehumet
Xom
Yredelemnul
The Shining One

Portals:
Ice
Cave: Lair:1

Annotations:
D:7 1 runed translucent door, benitares's ghost, novice DjFE
D:8 1 transporter


Innate Abilities, Weirdness & Mutations

You are too large for most types of armour.
You have claws for hands.
Your natural rate of healing is unusually fast.
You are covered in fur. (AC +1)
You have tough skin. (AC +1)


Message History

The eight-headed hydra bites you but does no damage. x3
The eight-headed hydra bites you!
You hear a shout! x2
A red film seems to cover your vision as you go berserk!
You feel yourself moving faster!
You feel mighty! The eight-headed hydra bites you!
The eight-headed hydra closely misses you.
The eight-headed hydra bites you. x2; The eight-headed hydra bites you!
The eight-headed hydra closely misses you.
The eight-headed hydra barely misses you. x2
You completely miss the eight-headed hydra.
The eight-headed hydra is lightly wounded.
The eight-headed hydra bites you but does no damage.
The eight-headed hydra bites you!
* * * LOW HITPOINT WARNING * * *
The eight-headed hydra bites you.
* * * LOW HITPOINT WARNING * * *
The eight-headed hydra closely misses you. x2
The eight-headed hydra bites you.
* * * LOW HITPOINT WARNING * * *
The eight-headed hydra bites you.
* * * LOW HITPOINT WARNING * * *
The eight-headed hydra misses you.
You rip one of the eight-headed hydra's heads off!
The seven-headed hydra grows two more!
You mangle the nine-headed hydra!!
The nine-headed hydra is moderately wounded.
Unknown command.
You rip one of the nine-headed hydra's heads off!
The eight-headed hydra grows two more!
You mangle the ten-headed hydra!!
The ten-headed hydra is heavily wounded.
The ten-headed hydra barely misses you. The ten-headed hydra bites you!
* * * LOW HITPOINT WARNING * * *
The ten-headed hydra bites you!
* * * LOW HITPOINT WARNING * * *
The ten-headed hydra bites you!
* * * LOW HITPOINT WARNING * * *
The ten-headed hydra closely misses you.
The ten-headed hydra bites you!
You die...
Kikubaaqudgha rasps: "You have failed me!
Welcome... death!"

#.......h.. #<#
...∩..... ##(#
.5.....h ###..# #
....55 #....#
###.#..5F# #....#
.........### #....#
...#..5.##.###
####.# #...555##...#
#P.##
####.55D@(..####
#...#
#..5###....#.####.##
#...#....(.....##..#
#...#.....#.....#.##
#####...##........#
######....#####
#.....# #######


You could see a ten-headed hydra and 7 white imps.

Vanquished Creatures
  2 two-headed ogres
  A centaur warrior (D:8)
  A komodo dragon (D:8)
  A kobold demonologist (D:6)
  A hornet (D:8)
  A wraith (Ossuary)
  A vampire (D:6)
  A wyvern (Lair:1)
  A steam dragon (D:8)
  Edmund (D:4)
  An acid dragon (D:8)
  2 water moccasins
  Duvessa (D:4)
  Purgy (Sewer)
  2 orc warriors
  A black bear (D:5)
  3 sky beasts
  3 centaurs
  2 ogres
  A phantom (D:4)
  2 kobold brigands
  An elf skeleton (D:4)
  2 bullfrogs
  A gnoll sergeant (D:8)
  A scorpion (D:6)
  A wyvern zombie (D:7)
  Dowan (D:4)
  A wight (D:8)
  An electric eel (D:7)
  2 howler monkeys
  2 jellies (D:4)
  A centaur zombie (D:8)
  A bullfrog zombie (D:7)
  2 orc priests
  Crazy Yiuf (D:5)
  A centaur skeleton (D:7)
  2 iguanas (D:5)
  5 orc wizards
  3 human skeletons (D:4)
  2 hound skeletons
  A mummy (Ossuary)
  A howler monkey zombie (D:7)
  Robin (D:2)
  5 adders
  2 shadow imps
  A white imp (D:7)
  An adder skeleton (D:5)
  3 dart slugs
  25 orcs
  5 ball pythons
  6 bats
  7 endoplasms
  10 giant cockroaches
  15 goblins
  8 hobgoblins
  6 quokkas
  2 frilled lizards
  4 gnoll skeletons (Ossuary)
  20 kobolds
  15 orc skeletons
  11 rats
210 creatures vanquished.

Vanquished Creatures (others)
  A bullfrog (D:8)
  32 plants
33 creatures vanquished.

Grand Total: 243 creatures vanquished

Notes
Turn   | Place    | Note
-------+----------+-------------------------------------------
     0 | D:1      | MacCMillion the Troll Monk began the quest for the Orb.
     0 | D:1      | Reached XP level 1. HP: 22/22 MP: 0/0
    88 | D:1      | Found a faded altar of an unknown god.
   143 | D:1      | Reached XP level 2. HP: 29/29 MP: 1/1
   405 | D:1      | Reached XP level 3. HP: 36/36 MP: 2/2
   811 | D:2      | Noticed Robin
   823 | D:2      | Killed Robin
   824 | D:2      | Reached skill level 4 in Unarmed Combat
  1058 | D:2      | Reached XP level 4. HP: 41/45 MP: 3/3
  2004 | D:4      | Identified a scroll of acquirement
  2004 | D:4      | Acquired the ring "Xolaseb" {MP+9 Int+3 Dex+4}
  2090 | D:4      | Reached skill level 5 in Unarmed Combat
  2090 | D:4      | Reached XP level 5. HP: 53/53 MP: 4/4
  2098 | D:4      | Found a sand-covered staircase.
  2112 | Ossuary  | Entered an ossuary
  2112 | Ossuary  | Noticed a wraith
  2112 | Ossuary  | Noticed a wraith
  2112 | Ossuary  | Noticed a wraith
  2177 | Ossuary  | Noticed a wraith
  2215 | Ossuary  | Killed a wraith
  2216 | Ossuary  | Reached skill level 6 in Unarmed Combat
  2216 | Ossuary  | Reached XP level 6. HP: 48/62 MP: 5/5
  2375 | D:4      | Reached XP level 7. HP: 70/70 MP: 6/6
  2451 | D:4      | Noticed Edmund
  2468 | D:4      | Killed Edmund
  2469 | D:4      | Reached skill level 7 in Unarmed Combat
  2532 | D:4      | Noticed Dowan
  2535 | D:4      | Noticed Duvessa
  2550 | D:4      | Killed Duvessa
  2573 | D:4      | Killed Dowan
  2875 | D:5      | Entered Level 5 of the Dungeon
  3197 | D:3      | Found a broken altar of Ashenzari.
  3471 | D:5      | Reached XP level 8. HP: 75/79 MP: 7/7
  3792 | D:5      | Reached skill level 8 in Unarmed Combat
  3843 | D:5      | Reached skill level 5 in Fighting
  4048 | D:5      | Found a runed translucent door.
  4049 | D:5      | Noticed Crazy Yiuf
  4320 | D:5      | Killed Crazy Yiuf
  4446 | D:6      | Found a staircase to the Ecumenical Temple.
  4460 | Temple   | Entered the Ecumenical Temple
  4528 | Temple   | Became a worshipper of Kikubaaqudgha
  4528 | Temple   | Reached * piety under Kikubaaqudgha
  4528 | Temple   | Received a gift from Kikubaaqudgha
  4528 | Temple   | Reached ** piety under Kikubaaqudgha
  4537 | Temple   | Learned a level 1 spell: Animate Skeleton
  4541 | Temple   | Learned a level 3 spell: Vampiric Draining
  4553 | D:6      | Reached skill level 1 in Necromancy
  4713 | D:6      | Found a glowing drain.
  4729 | Sewer    | Entered a sewer
  4759 | Sewer    | Noticed Purgy
  4765 | Sewer    | Killed Purgy
  5201 | D:6      | Reached skill level 9 in Unarmed Combat
  5284 | D:6      | Noticed a kobold demonologist
  5297 | D:6      | Killed a kobold demonologist
  5298 | D:6      | Reached XP level 9. HP: 36/88 MP: 8/8
  5371 | D:7      | Noticed benitares's ghost (novice DjFE)
  5388 | D:7      | Found a runed translucent door.
  5697 | D:7      | Found a sacrificial altar of Ru.
  5755 | D:7      | Noticed a two-headed ogre
  5815 | D:7      | Killed a two-headed ogre
  5816 | D:7      | Reached skill level 10 in Unarmed Combat
  5946 | D:7      | Reached skill level 5 in Necromancy
  6198 | D:8      | Reached *** piety under Kikubaaqudgha
  6198 | D:8      | Received a gift from Kikubaaqudgha
  6337 | D:8      | Noticed a komodo dragon
  6347 | D:8      | Killed a komodo dragon
  6353 | D:8      | Reached skill level 11 in Unarmed Combat
  6353 | D:8      | Reached XP level 10. HP: 78/96 MP: 9/9
  6455 | D:8      | Found a staircase to the Lair.
  6488 | D:8      | Found a stormy altar of Qazlal.
  6546 | D:8      | Noticed a centaur warrior
  6557 | D:8      | Killed a centaur warrior
  6560 | D:8      | Noticed a two-headed ogre
  6564 | D:8      | Killed a two-headed ogre
  6565 | D:8      | Reached skill level 5 in Dodging
  6768 | D:8      | Found a white marble altar of Elyvilon.
  6822 | D:8      | Found a shimmering blue altar of Sif Muna.
  6991 | D:8      | Found a sparkling altar of Nemelex Xobeh.
  6991 | D:8      | Found a transporter.
  6992 | D:8      | Noticed a cyclops
  7051 | D:8      | Learned a level 2 spell: Sublimation of Blood
  7056 | Lair:1   | Entered Level 1 of the Lair of Beasts
  7086 | Lair:1   | Found a frozen archway.
  7089 | Lair:1   | Noticed a six-headed hydra
  7099 | Lair:1   | Slain by a ten-headed hydra

Illustrated notes

Levels and vault maps discovered:
D:1:      eino_arrival_cavern_b, layout_loops_ring,
          shapermc_ecumenical_altar_acropolis, minmay_tetromino_s2
D:2:      layout_loops_ring, chequers_avenue, dk_noncrumbling_4,
          chequers_arboretum, uniq_robin
D:3:      layout_basic, mainiacjoe_overflow_cross_hatched
D:4:      layout_basic, nicolae_ossuary_entry_catacombs, uniq_duvessa,
          uniq_edmund
D:5:      layout_rooms, uniq_crazy_yiuf_cottage
D:6:      kennysheep_big_flooded_room, layout_basic,
          minmay_temple_entry_mini_moons, portal_sewer_entry_b
D:7:      layout_loops_ring, lemuel_tele_altar, hellmonk_ghost_happy_afterlife,
          chequers_big_river
D:8:      minmay_four_partial_circles, layout_basic, grunt_nemelex_the_gamble,
          lemuel_blue_sif_altar, grunt_qazlal_clouds,
          nicolae_elyvilon_peaceful_grove, david_lair_shrubbed
Temple:   regret_index_temple_sphere_string
Lair:1:   layout_misc_corridors, portal_ice_cave_entry_imps,
          chequers_serial_rivers_large_a

Skill      XL: |  1  2  3  4  5  6  7  8  9 10 |
---------------+-------------------------------+-----
Unarmed Combat | 4 5 6 7 9 11 | 11.8
Fighting       | 3 4 5 6 |  6.2
Dodging        | 3 4 5 |  5.2
Necromancy     | 3 5 |  5.8
Stealth        | |  1.0
Spellcasting   | |  0.2

Action                   |  1- 3 |  4- 6 |  7- 9 | 10-12 || total
-------------------------+-------+-------+-------+-------++-------
Melee: Unarmed           |   101 |   124 |   312 |    48 ||   585
       Punch             |     4 |       |    11 |     3 ||    18
 Cast: Animate Skeleton  |       |       |     1 |       ||     1
  Use: Scroll            |       |     7 |    12 |     1 ||    20
       Potion            |       |     3 |     1 |     1 ||     5
 Stab: Sleeping          |       |     4 |     6 |       ||    10
Armor: Robe              |    21 |    52 |    97 |    21 ||   191
Dodge: Dodged            |    43 |    61 |   151 |    49 ||   304

Table legend: (Time is in decaauts)
 A = Elapsed time spent in this place.
 B = Non-inter-level travel time spent in this place.
 C = Inter-level travel time spent in this place.
 D = Time resting spent in this place.
 E = Time spent auto-exploring this place.
 F = Levels seen in this place.
 G = Mean time per level.
                   A        B        C        D        E       F      G
               +--------+--------+--------+--------+--------+-----+--------+
         Total |   7051 |   6673 |    378 |    406 |   4344 |  12 |  587.6 |
       Dungeon |   6576 |   6198 |    378 |    406 |   4146 |   8 |  822.0 |
        Temple |     84 |     84 |      0 |      0 |      0 |   1 |   84.0 |
          Lair |     40 |     40 |      0 |      0 |      0 |   1 |   40.0 |
         Sewer |    178 |    178 |      0 |      0 |    129 |   1 |  178.0 |
       Ossuary |    171 |    171 |      0 |      0 |     69 |   1 |  171.0 |
               +--------+--------+--------+--------+--------+-----+--------+

Top non-repeatable levels by time:
     D:4: 1013 daAuts
     D:8: 922 daAuts
     D:3: 879 daAuts
     D:5: 826 daAuts
     D:1: 787 daAuts
     D:2: 779 daAuts
     D:7: 737 daAuts
     D:6: 630 daAuts
   Sewer: 178 daAuts
 Ossuary: 171 daAuts
  Temple: 84 daAuts
  Lair:1: 40 daAuts
